 Dungeon Crawl Stone Soup version 0.24-a0-278-gefa1973 (webtiles) character file.

Game seed: 3746743973463235110

783 Hasart the Firebug (level 7, -2/36 HPs)
             Began as a Deep Elf Fire Elementalist on Apr 30, 2019.
             Slain by Duvessa
             ... wielding a cursed +0 short sword
              (4 damage)
             ... on level 4 of the Dungeon.
             The game lasted 00:08:05 (3744 turns).

Hasart the Firebug (Deep Elf Fire Elementalist)     Turns: 3744, Time: 00:08:07

Health: -2/36      AC:  4    Str:  5    XL:     7   Next: 55%
Magic:  1/17       EV: 13    Int: 22    God:
Gold:   167        SH:  0    Dex: 15    Spells: 6/16 levels left

rFire    . . .     SeeInvis .   j - +6 club
rCold    . . .     Gourm    .   (no shield)
rNeg     . . .     Faith    .   v - +0 leather armour (curse)
rPois    .         Spirit   .   s - +0 helmet
rElec    .         Reflect  .   (no cloak)
rCorr    .         Harm     .   (no gloves)
MR       .....                  (no boots)
Stlth    ++........             (no amulet)
HPRegen  0.12/turn              (no ring)
MPRegen  0.15/turn              (no ring)

@: very slightly contaminated
A: no striking features
a: no special abilities


You were on level 4 of the Dungeon.
You were hungry.

You visited 1 branch of the dungeon, and saw 4 of its levels.

You collected 167 gold pieces.

Inventory:

Hand Weapons
 j - a +6 club (weapon)
Armour
 a - a +0 robe
 s - a +0 helmet (worn)
 v - a cursed +0 leather armour (worn)
Wands
 h - a wand of flame (28)
 q - a wand of paralysis (13)
Scrolls
 b - a scroll of amnesia {unknown}
 e - a scroll of fog {unknown}
 f - a scroll of enchant armour {unknown}
 i - 6 scrolls of identify {unknown}
 k - a scroll of remove curse {unknown}
 m - a scroll of blinking {unknown}
 o - a scroll of teleportation {unknown}
 w - a scroll of fear {unknown}
Potions
 d - 2 potions of berserk rage {unknown}
 g - 2 potions of curing {unknown}
 n - a potion of mutation {unknown}
 p - 2 potions of flight
 r - a potion of cancellation
 u - a potion of heal wounds
Comestibles
 c - 13 rations
 t - 3 chunks of flesh


   Skills:
 + Level 4.7 Dodging
 - Level 2.4 Stealth
 + Level 5.3 Spellcasting
 * Level 5.3 Conjurations
 * Level 6.3 Fire Magic


You had 6 spell levels left.
You knew the following spells:

 Your Spells              Type           Power        Failure   Level  Hunger
a - Flame Tongue          Conj/Fire      ####.        1%          1    None
b - Sticky Flame          Conj/Fire      ####....     16%         4    ####...
c - Fireball              Conj/Fire      ####......   38%         5    #####..

Your spell library contained the following spells:

 Spells                   Type           Power        Failure   Level  Hunger
 Throw Flame              Conj/Fire      ####..       2%          2    None
 Conjure Flame            Conj/Fire      ####....     4%          3    ##.....
 Inner Flame              Hex/Fire       ###.....     13%         3    ##.....


Dungeon Overview and Level Annotations

Branches:
Dungeon (4/15)
 Temple: D:4-7

Altars:
Cheibriados
Gozag
Makhleb

Shops:
D:2 *

Annotations:
D:4 Duvessa


Message History

Aim: Duvessa, wielding a +0 short sword and wearing a +3 leather armour of fire resistance (lightly wounded, berserk, fast, unusually strong, covered in liquid flames)
The burst of metal fragments hits Duvessa but does no damage.
The burst of metal fragments hits Duvessa!
The burst of metal fragments hits Duvessa but does no damage. x2
Duvessa is moderately wounded.
Duvessa burns!
Duvessa stops burning.
Duvessa hits you with a cursed +0 short sword!
* * * LOW HITPOINT WARNING * * *
Unknown command.
Evoke which item? (* to show all) (? for menu, Esc to quit)
Aiming: Scattershot
Press: ? - help, Shift-Dir - straight line, f/p - Duvessa
Aim: Duvessa, wielding a +0 short sword and wearing a +3 leather armour of fire resistance (moderately wounded, berserk, fast, unusually strong)
The burst of metal fragments hits Duvessa but does no damage.
The burst of metal fragments hits Duvessa.
The burst of metal fragments hits Duvessa but does no damage.
Duvessa is heavily wounded.
The now-empty wand crumbles to dust.
Duvessa hits you with a cursed +0 short sword.
You die...

##...# #. #....#
###.##### .. #......#
#.......# ..
....##.... #........
.#.###.......
#.......# ..... .
##...#
#.......##...... #...#
#..(........... ## ##
#####@e## #. #.......#
##.
#.......############..
#..........)..........
#.......#########...)#
#.......# #..####
######### ####


You could see Duvessa (berserk).

Vanquished Creatures
  Grinder (D:3)
  Menkaure (D:4)
  An ogre (D:4)
  Dowan (D:4)
  An orc priest (D:4)
  2 hounds (D:4)
  An orc wizard (D:4)
  Jessica (D:3)
  Ijyb (D:3)
  5 adders
  2 oozes
  5 worms
  2 dart slugs
  5 leopard geckos
  2 orcs (D:4)
  8 bats
  5 giant cockroaches
  7 goblins
  10 hobgoblins
  3 jackals (D:2)
  9 kobolds
  A quokka (D:2)
  2 ball pythons
  3 frilled lizards
  A quokka skeleton (D:4)
  10 rats
90 creatures vanquished.

Notes
Turn   | Place    | Note
-------+----------+-------------------------------------------
     0 | D:1      | Hasart the Deep Elf Fire Elementalist began the quest for
                  | the Orb.
     0 | D:1      | Reached XP level 1. HP: 10/10 MP: 6/6
   265 | D:1      | Reached XP level 2. HP: 10/15 MP: 0/8
  1040 | D:1      | Reached XP level 3. HP: 19/19 MP: 5/9
  1430 | D:2      | Reached skill level 4 in Fire Magic
  1834 | D:2      | Reached XP level 4. HP: 24/24 MP: 7/11
  1835 | D:2      | Found an opulent altar of Gozag.
  1835 | D:2      | Found Gozag's Platinum Reserve.
  2385 | D:3      | Found a burning altar of Makhleb.
  2421 | D:3      | Noticed Ijyb
  2434 | D:3      | Killed Ijyb
  2540 | D:3      | Learned a level 4 spell: Sticky Flame
  2647 | D:3      | Reached XP level 5. HP: 28/28 MP: 5/12
  2923 | D:3      | Noticed Grinder
  2931 | D:3      | Paralysed by Grinder for 3 turns
  2935 | D:3      | Killed Grinder
  2935 | D:3      | Reached skill level 5 in Fire Magic
  2935 | D:3      | Reached XP level 6. HP: 32/32 MP: 4/14
  3133 | D:3      | Found a snail-covered altar of Cheibriados.
  3234 | D:3      | Noticed Jessica
  3237 | D:3      | Killed Jessica
  3571 | D:4      | Noticed Menkaure
  3579 | D:4      | Learned a level 5 spell: Fireball
  3581 | D:4      | Killed Menkaure
  3581 | D:4      | Reached skill level 5 in Spellcasting
  3581 | D:4      | Reached XP level 7. HP: 36/36 MP: 10/16
  3628 | D:4      | Reached skill level 6 in Fire Magic
  3650 | D:4      | Reached skill level 5 in Conjurations
  3716 | D:4      | Noticed Duvessa
  3716 | D:4      | Noticed Dowan
  3729 | D:4      | Killed Dowan
  3744 | D:4      | Slain by Duvessa

Levels and vault maps discovered:
D:1:      dpeg_arrival_subterranean_lakeside_camping, layout_basic
D:2:      layout_loops_cross, roderic_lattice_a, nicolae_gozag_zags_fifth_avenue
D:3:      layout_loops_cross, first_ration, kennysheep_flooded_box,
          dk_vineyard_2, bloody_makhleb, uniq_jessica, uniq_grinder, uniq_ijyb
D:4:      layout_rooms, tgw_xom, serial_shops, shop, uniq_menkaure, uniq_duvessa

Skill      XL: |  1  2  3  4  5  6  7 |
---------------+----------------------+-----
Conjurations   | 2 3 4 5 |  5.3
Fire Magic     | 4 5 6 |  6.3
Dodging        | 3 4 |  4.7
Spellcasting   | 4 5 |  5.3
Stealth        | |  2.4

Action                   |  1- 3 |  4- 6 |  7- 9 || total
-------------------------+-------+-------+-------++-------
Melee: Unarmed           |     1 |       |       ||     1
       Club              |       |       |     6 ||     6
 Cast: Flame Tongue      |    87 |    86 |    11 ||   184
       Sticky Flame      |       |     4 |     3 ||     7
Evoke: Wand              |       |       |     4 ||     4
  Use: Potion            |       |     5 |       ||     5
  Eat: Chunk             |     3 |     5 |     1 ||     9
Armor: Robe              |     8 |     4 |       ||    12
       Leather armour    |       |       |     1 ||     1
Dodge: Dodged            |    35 |    18 |     9 ||    62

Table legend:
 A = Non-vault XP
 B = Vault XP
 C = Vault XP percentage of total XP
 D = Non-vault monster count
 E = Vault monster count
 F = Vault count percentage of total count
                 A         B        C        D         E       F
            +---------+---------+-------+---------+---------+-------
      Total |     503 |     616 |  55.0 |      79 |      11 |  12.2
            +---------+---------+-------+---------+---------+-------
        D:1 |      38 |       9 |  19.1 |      19 |       6 |  24.0
        D:2 |      84 |       0 |   0.0 |      27 |       0 |   0.0
        D:3 |      78 |     363 |  82.3 |      20 |       3 |  13.0
        D:4 |     303 |     244 |  44.6 |      13 |       2 |  13.3
            +---------+---------+-------+---------+---------+-------
